 Dungeon Crawl Stone Soup version 0.29.1-1-gd02db6906a (webtiles) character file.

Game seed: 1064795881308913613

42 gzilladon the Chopper (level 3, -4/33 HPs)
             Began as a Hill Orc Monk on Sept 26, 2022.
             Slain by a worm (11 damage)
             ... on level 3 of the Dungeon.
             The game lasted 00:03:17 (1328 turns).

gzilladon the Chopper (Hill Orc Monk)               Turns: 1328, Time: 00:03:18

Health: -4/33      AC:  3    Str: 15    XL:     3   Next: 56%
Magic:  3/3        EV: 12    Int: 10    God:
Gold:   31         SH:  0    Dex: 13    Spells: 2/2 levels left

rFire   . . .      SeeInvis .   a - +0 hand axe
rCold   . . .      Faith    .   (no shield)
rNeg    . . .      Spirit   .   i - +0 leather armour
rPois   .          Reflect  .   (no helmet)
rElec   .          Harm     .   (no cloak)
rCorr   .          Rampage  .   (no gloves)
Will    .....                   (no boots)
Stlth   ++........              (no amulet)
HPRegen 0.11/turn               (no ring)
MPRegen 0.08/turn               (no ring)

@: no status effects
A: no striking features
a: no special abilities


You were on level 3 of the Dungeon.
You visited 1 branch of the dungeon, and saw 3 of its levels.

You collected 31 gold pieces.

Inventory:

Hand Weapons
 a - a +0 hand axe (weapon)
 g - a +0 short sword of venom
 o - the +8 sling of the Candle {venom, rN+}
   (You found it on level 3 of the Dungeon)

   Any ammunition fired from it poisons the flesh of those it strikes.
   rN:        It protects you from negative energy.
Missiles
 j - 9 stones (quivered)
Armour
 b - a +0 robe
 i - a +0 leather armour (worn)
Scrolls
 f - a scroll of identify {unknown}
 h - a scroll of poison {unknown}
Potions
 c - 2 potions of ambrosia
 d - a potion of attraction {unknown}
 e - a potion of brilliance {unknown}
 k - a potion of curing {unknown}
 l - a potion of invisibility {unknown}
 m - a potion of heal wounds {unknown}
 n - 2 potions of flight {unknown}


   Skills:
 + Level 4.1 Fighting
 + Level 4.8 Axes
 + Level 0.5 Armour
 + Level 2.8 Dodging
 + Level 1.6 Stealth


You had 2 spell levels left.
You didn't know any spells.
Your spell library was empty.

Dungeon Overview and Level Annotations

Branches:
Dungeon (3/15)

Altars:
Dithmenos

Shops:
D:3 (


Message History

You hit the worm.
The worm is moderately wounded.
You slash the worm!
The worm is severely wounded.
The worm misses you.
You hit the worm.
The worm is almost dead.
The worm closely misses you.
You hit the worm.
You kill the worm!
Found a fading sling.
You see here the +8 sling of the Candle {venom, rN+}.
o - the +8 sling of the Candle {venom, rN+} A worm comes into view.
You hit the worm.
The worm is lightly wounded.
The worm barely misses you.
You barely miss the worm.
The worm is lightly wounded.
You hit the worm.
The worm is lightly wounded.
The worm bites you!
You barely miss the worm.
The worm is lightly wounded.
The worm bites you but does no damage.
You hit the worm.
The worm is lightly wounded.
You barely miss the worm.
The worm is lightly wounded.
The worm bites you!
You hit the worm.
The worm is lightly wounded.
The worm bites you!
* * * LOW HITPOINT WARNING * * *
You hit the worm.
The worm is moderately wounded.
You hit the worm.
The worm is heavily wounded.
The worm bites you!
You die...

.# .# .##########
### .#.........
..# ....#######
#.# ..#.......#
#.# #.<.#####.#
#.# .#.#.####.#
#w# >.......#.#
#@#
.#.#.##.#.######.#
#.#.###........#.#
# #......####.#.#
#.#.####### #.#.#
..J #.#.# ..#
####.#.# #.#
#......# #.#
#....###


You could see a worm.

Vanquished Creatures
  An adder (D:3)
  A worm (D:3)
  2 dart slugs (D:2)
  4 ball pythons
  2 bats
  A giant cockroach (D:2)
  A goblin (D:2)
  5 hobgoblins
  A quokka (D:2)
  2 frilled lizards
  5 kobolds
25 creatures vanquished.

Notes
Turn   | Place    | Note
-------+----------+-------------------------------------------
     0 | D:1      | gzilladon the Hill Orc Monk began the quest for the Orb.
     0 | D:1      | Reached XP level 1. HP: 19/19 MP: 1/1
   457 | D:2      | Found a shadowy altar of Dithmenos.
   468 | D:2      | Reached XP level 2. HP: 23/27 MP: 2/2
   811 | D:3      | Reached XP level 3. HP: 33/33 MP: 3/3
  1184 | D:3      | Found Minuez's Weapon Shop.
  1312 | D:3      | Identified the +8 sling of the Candle {venom, rN+}
  1328 | D:3      | Slain by a worm

Illustrated notes

Levels and vault maps discovered:
D:1:      mrwooster_arrival_statue_2, layout_basic,
          chequers_ecumenical_altar_simple, item_on_display_a
D:2:      layout_rooms, basic_altar
D:3:      layout_loops_ring, serial_shops, shop, st_stairs_4

Skill      XL: |  1  2 |
---------------+-------+-----
Fighting       | 4 |  4.1
Axes           | |  4.8
Armour         | |  0.5
Dodging        | |  2.8
Stealth        | |  1.6

Action                   || total
-------------------------++-------
Melee: Hand axe          ||    91
Armor: Robe              ||     2
       Leather armour    ||    10
Dodge: Dodged            ||    61
